 Dungeon Sprint DCSS version 0.23.2-1-ga50397a6bc (webtiles) character file.

Game seed: 18192839275225170786

1854 Kobolds4U the Unseen (level 8, -6/48 HPs)
             Began as a Spriggan Assassin on May 23, 2019.
             Was a Follower of Okawaru.
             Mangled by a centaur warrior (7 damage)
             ... in the Dungeon (Sprint I: "Red Sonja").
             The game lasted 00:03:20 (359 turns).

Kobolds4U the Unseen (Spriggan Assassin)             Turns: 359, Time: 00:03:21

Health: -6/48      AC:  2    Str:  7    XL:     8   Next: 89%
Magic:  9/9        EV: 31    Int: 13    God:    Okawaru [*.....]
Gold:   197        SH:  0    Dex: 19    Spells: 7/7 levels left

rFire    . . .     SeeInvis +   a - +2 dagger
rCold    . . .     Gourm    .   (shield restricted)
rNeg     . . .     Faith    .   c - +0 robe
rPois    .         Spirit   .   r - +0 hat
rElec    .         Reflect  .   (no cloak)
rCorr    .         Harm     .   (gloves unavailable)
MR       +....     NoTele   +   (boots unavailable)
Stlth    ++++++++..             (no amulet)
HPRegen  0.16/turn              (no ring)
MPRegen  0.11/turn              (no ring)

@: very slightly contaminated, very quick
A: very small, unfitting armour, see invisible, herbivore, speed 3, slow
metabolism 2
a: Heroism, Renounce Religion


You were in the Dungeon.
You worshipped Okawaru.
Okawaru was aware of your devotion.
You were not hungry.

You visited 1 branch You collected 405 gold pieces.
You spent 208 gold pieces at shops.

Inventory:

Hand Weapons
 a - a +2 dagger (weapon)
 b - a +0 blowgun
Missiles
 e - 2 poisoned needles
 f - a curare-tipped needle
Armour
 c - a +0 robe (worn)
 d - a +0 cloak
 q - a scarf of repulsion
 r - a +0 hat (worn)
Scrolls
 p - a scroll of identify {unknown}
Potions
 h - a potion of curing
 j - a potion of haste
 k - 2 potions of magic
 l - a potion of berserk rage
 n - a potion of agility {unknown}
 o - a potion of lignification {unknown}
Comestibles
 g - a ration


   Skills:
 + Level 8.4 Fighting
 - Level 2.1 Short Blades
 - Level 2.0 Throwing
 + Level 13.4 Dodging
 - Level 20.7 Stealth


You had 7 spell levels left.
You didn't know any spells.
Your spell library was empty.

Dungeon Overview and Level Annotations

Branches:
Dungeon (1/1)

Altars:
Cheibriados
Dithmenos
Elyvilon
Fedhas
Gozag
Hepliaklqana
Kikubaaqudgha
Makhleb
Nemelex Xobeh
Okawaru
Qazlal
Ru
Sif Muna
Trog
Uskayaw
Vehumet
Wu Jian
Xom
Yredelemnul
Zin
The Shining One
Jiyva
Lugonu

Shops:
D [


Innate Abilities, Weirdness & Mutations

You are very small and have problems with some larger weapons.
You are too small for most types of armour.
You have supernaturally acute eyesight. (SInv)
You are a herbivore.
You cover ground extremely quickly.
You need to consume almost no food.


Message History

The centaur warrior shoots an arrow.
Keep disrobing?
The arrow barely misses you.
You start removing your armour.
You continue taking off your +0 cloak.
The centaur warrior shoots an arrow.
The arrow completely misses you.
You continue taking off your +0 cloak.
The centaur warrior unwields a +0 shortbow.
The centaur warrior hits you!
* * * LOW HITPOINT WARNING * * *
You continue taking off your +0 cloak.
The centaur warrior barely misses you.
You continue taking off your +0 cloak.
The centaur warrior hits you.
* * * LOW HITPOINT WARNING * * *
The centaur warrior closely misses you.
You finish taking off your +0 cloak.
Wear which item? (? for menu, Esc to quit)
The centaur warrior hits you!
Keep equipping yourself?
You die...

######################
.)'..#.)'..#__#..'..)#
..#..'..#..'..'..#...#
####'#####'#__####)..+
###..#...#[####§@#####
__####..##(#§§§§c#
_____##'#_.§§§§§§§.
_.∩...'..._#§§≈.§#$$#
_..__##_.#'##+#####+#
_____###+#.# ######
###


You could see a centaur warrior.

Vanquished Creatures
  A centaur warrior (D)
  2 kobold demonologists (D)
  A slime creature (D)
  Sigmund (D)
  A yak (D)
  A floating eye (D)
  An ogre (D)
  A jelly (D)
  Ijyb (D)
10 creatures vanquished.

Notes
Turn   | Place    | Note
-------+----------+-------------------------------------------
     0 | D        | Kobolds4U the Spriggan Assassin began the quest for the
                  | Orb.
     0 | D        | Reached XP level 1. HP: 10/10 MP: 2/2
     1 | D        | Noticed Ijyb
     4 | D        | Killed Ijyb
     4 | D        | Reached skill level 10 in Stealth
     4 | D        | Reached XP level 2. HP: 14/14 MP: 3/3
     7 | D        | Noticed an ogre
    30 | D        | Killed an ogre
    30 | D        | Reached skill level 14 in Stealth
    30 | D        | Reached XP level 3. HP: 18/18 MP: 4/4
    30 | D        | Reached XP level 4. HP: 22/22 MP: 5/5
    49 | D        | Noticed Sigmund
    52 | D        | Killed Sigmund
    52 | D        | Reached skill level 18 in Stealth
    52 | D        | Reached XP level 5. HP: 25/25 MP: 6/6
    65 | D        | Found a burning altar of Makhleb.
    65 | D        | Found a viscous altar of Jiyva.
    65 | D        | Found a shimmering altar of Xom.
    65 | D        | Found a corrupted altar of Lugonu.
    65 | D        | Noticed a slime creature
    68 | D        | Killed a slime creature
    68 | D        | Reached skill level 20 in Stealth
    68 | D        | Reached XP level 6. HP: 30/30 MP: 7/7
    70 | D        | Found an ornate altar of the Wu Jian Council.
    70 | D        | Found a deep blue altar of Sif Muna.
    72 | D        | Found a radiant altar of Vehumet.
    99 | D        | Found Wioreom's Armour Emporium.
    99 | D        | Found an ancient bone altar of Kikubaaqudgha.
    99 | D        | Found a hazy altar of Hepliaklqana.
    99 | D        | Found a stormy altar of Qazlal.
    99 | D        | Found a hide-covered altar of Uskayaw.
    99 | D        | Found a blossoming altar of Fedhas.
    99 | D        | Found a bloodstained altar of Trog.
    99 | D        | Found an iron altar of Okawaru.
    99 | D        | Found a basalt altar of Yredelemnul.
    99 | D        | Found a glowing golden altar of the Shining One.
    99 | D        | Found a snail-covered altar of Cheibriados.
    99 | D        | Found a sacrificial altar of Ru.
    99 | D        | Found a glowing silver altar of Zin.
    99 | D        | Found a shadowy altar of Dithmenos.
    99 | D        | Found a white marble altar of Elyvilon.
    99 | D        | Noticed a yak
   100 | D        | Found an opulent altar of Gozag.
   141 | D        | Killed a yak
   141 | D        | Reached skill level 5 in Dodging
   141 | D        | Reached XP level 7. HP: 21/36 MP: 8/8
   173 | D        | Found a sparkling altar of Nemelex Xobeh.
   177 | D        | Bought a scarf of repulsion for 156 gold pieces
   177 | D        | Bought a +0 hat for 52 gold pieces
   203 | D        | Became a worshipper of Warmaster Okawaru
   300 | D        | Noticed a kobold demonologist
   301 | D        | Noticed a kobold demonologist
   305 | D        | Killed a kobold demonologist
   305 | D        | Reached skill level 5 in Fighting
   307 | D        | Killed a kobold demonologist
   307 | D        | Reached * piety under Okawaru
   307 | D        | Reached skill level 10 in Dodging
   307 | D        | Reached XP level 8. HP: 45/45 MP: 9/9
   326 | D        | Noticed a centaur warrior
   326 | D        | Noticed a centaur warrior
   332 | D        | Killed a centaur warrior
   346 | D        | HP: 2/48 [centaur warrior (10)]
   356 | D        | HP: 2/48 [centaur warrior (7)]
   359 | D        | Mangled by a centaur warrior

Skill      XL: |  1  2  3  4  5  6  7  8 |
---------------+-------------------------+-----
Stealth        | 10 14 18 20 | 20.7
Fighting       | 3 6 8 |  8.4
Dodging        | 5 10 13 | 13.4
Short Blades   | |  2.1
Throwing       | |  2.0

Action                   |  1- 3 |  4- 6 |  7- 9 || total
-------------------------+-------+-------+-------++-------
Melee: Dagger            |     3 |    14 |    12 ||    29
 Fire: Blowgun           |     4 |     6 |     5 ||    15
  Use: Scroll            |       |       |     1 ||     1
       Potion            |       |       |     1 ||     1
 Stab: Sleeping          |     1 |     3 |     4 ||     8
Armor: Robe              |       |       |     1 ||     1
Dodge: Dodged            |     1 |     9 |    13 ||    23
